[Event "Stare Mesto Open-A 2022"]
[Site "Stare Mesto"]
[Date "2022.08.19"]
[Round "8.2"]
[White "Kostka, Vit"]
[Black "Haba, Petr"]
[Result "0-1"]
[ECO "C01"]
[WhiteElo "2168"]
[BlackElo "2453"]
[Annotator "TA"]
[PlyCount "72"]
[EventDate "2022.08.12"]
[EventType "swiss"]
[EventCountry "CZE"]
[SourceTitle "playchess.com"]
[Source "ChessBase"]
[SourceQuality "1"]
[TimeControl "40/5400+30:1800+30"]

1. e4 e6 2. d4 d5 3. exd5 exd5 4. Nf3 Bd6 5. c4 Nf6 6. c5 Be7 7. Bd3 O-O {[%emt 0:01:39] C01: French: Exchange Variation.} 8. h3 b6 9. cxb6 $1 axb6 {[%emt 0:00:50] The position is equal.} 10. O-O c5 11. Nc3 Nc6 12. Re1 h6 13. Bf4 Bd6 {[%emt 0:02:04] [#]} 14. Qd2 $146 (14. Be5 $11) ({Predecessor:} 14. Be5 cxd4 15. Bxd6 Qxd6 16. Nb5 Qf4 17. Nbxd4 Nxd4 18. Nxd4 Kh8 19. Ne2 Qb4 20. Qc1 {1-0 (63) Russek Libni,G (2395)-Valle,A Sao Paulo 1991}) 14... cxd4 $15 ({Don't play} 14... Nxd4 15. Nxd4 cxd4 16. Nb5 Bxf4 17. Qxf4 $14) 15. Nb5 (15. Ne2 $1 $15) 15... Bb4 $17 16. Qc2 Bxe1 17. Qxc6 Bd7 18. Qb7 (18. Qd6 $17 Bxb5 19. Qxd8 Rfxd8 20. Bxb5) 18... Bb4 (18... Bxb5 $19 19. Bxb5 Bb4) 19. a3 (19. Nc7 $17 Rb8 20. Qa7) 19... Bxb5 $19 20. Bxb5 Bd6 21. Bxd6 Qxd6 22. Nxd4 Rab8 23. Qa7 Ra8 24. Qb7 Rfb8 25. Qc6 Qf4 26. Rd1 Ra7 ({Stronger than} 26... Ne4 27. Nf3) 27. g3 Qe5 28. Qc3 Rc7 29. Qb4 (29. Qf3 $17) 29... Rbc8 30. Qd2 Ne4 31. Qe3 Qg5 32. Qxg5 hxg5 33. Kg2 Rc1 34. Rd3 g6 35. Ba6 $2 (35. Re3) 35... R8c7 {[%emt 0:00:28] [#] And now ...Nc5 would win.} 36. Kf3 $2 (36. Ne2 {was worth a try.} R1c2 37. Rxd5) 36... Nc5 {[%emt 0:00:25][%csl LRa6,LRd3] Weighted Error Value: White=0.33/Black=0.23 (precise)} 0-1

[Event "Stare Mesto Open-A 2022"]
[Site "Stare Mesto"]
[Date "2022.08.19"]
[Round "8.3"]
[White "Cerveny, Martin"]
[Black "Szotkowski, Jakub"]
[Result "0-1"]
[ECO "A43"]
[WhiteElo "2396"]
[BlackElo "2344"]
[Annotator "TA"]
[PlyCount "56"]
[EventDate "2022.08.12"]
[EventType "swiss"]
[EventCountry "CZE"]
[SourceTitle "playchess.com"]
[Source "ChessBase"]
[SourceQuality "1"]
[TimeControl "40/5400+30:1800+30"]

1. d4 Nf6 2. Nf3 c5 3. d5 b5 4. c4 g6 5. a4 Qa5+ 6. Nfd2 {[%emt 0:05:03] A57: Benko/Volga Gambit.} d6 {[%emt 0:13:29] [#]} 7. b4 $146 ({Don't play} 7. Nc3 b4 8. Nce4 Nxe4 9. Nxe4 Nd7 $11) ({White should play} 7. cxb5 $11 Nxd5 8. g3) ({Predecessor:} 7. g3 bxc4 8. Nc3 Ba6 9. Bg2 Bg7 10. O-O Nbd7 11. h3 O-O 12. Qc2 Rab8 13. f4 {1-0 (50) Lugovoi,A (2315)-Andreev,K St Petersburg 1992}) 7... cxb4 $15 {[%emt 0:04:42] Strongly threatening ...bxc4.} 8. cxb5 {[%emt 0:04:22] Black is slightly better.} Bg7 $1 ({Much less strong is} 8... Nxd5 9. Nb3 Qc7 10. Qxd5 $16) 9. Bb2 O-O 10. e4 Nbd7 11. Nb3 Qd8 12. N1d2 e6 13. dxe6 fxe6 {[%emt 0:00:09][%cal Of6e4] aiming for ...Nxe4!} 14. Nd4 {[%emt 0:02:51] [#]} (14. Bc4 $14 {keeps the upper hand.}) 14... Nc5 $1 $17 15. Nc6 Qd7 16. e5 (16. f3 $142) 16... Nd5 17. Bc4 {[%emt 0:07:47] [#]} Bb7 $1 18. O-O (18. Nb3 $17) 18... Bxc6 $19 19. bxc6 Qxc6 20. Nf3 {[%emt 0:03:32] Black must now prevent Nd4.} Nf4 {[%emt 0:02:32] Threatens to win with ...dxe5.} 21. Bb5 Qd5 22. Rc1 (22. Qxd5 {might work better.} exd5 23. Rfd1) 22... Nfd3 23. Bc4 (23. Rc2 $142) 23... Nxb2 {[%emt 0:03:09] Pair of Knights!} ({And not} 23... Qe4 24. Ng5 Qh4 25. Nxe6 Nxc1 26. Qxc1 Nxe6 27. Bxe6+ Kh8 28. exd6 $17) 24. Bxd5 Nxd1 25. Rxc5 (25. Bxa8 $142 Nc3 26. Bc6 Ne2+ 27. Kh1 Nxc1 28. Rxc1) 25... exd5 {[%emt 0:03:26] Black is clearly winning.} 26. Rxd5 Nc3 27. Rxd6 b3 28. Rd3 Rfc8 {[%emt 0:00:43] Weighted Error Value: White=0.55/Black=0.06 (flawless)} 0-1

[Event "Stare Mesto Open-A 2022"]
[Site "Stare Mesto"]
[Date "2022.08.19"]
[Round "8.4"]
[White "Babula, Vlastimil"]
[Black "Travnicek, Krystof Mikulas"]
[Result "1-0"]
[ECO "C11"]
[WhiteElo "2571"]
[BlackElo "2138"]
[Annotator "TA"]
[PlyCount "57"]
[EventDate "2022.08.12"]
[EventType "swiss"]
[EventCountry "CZE"]
[SourceTitle "playchess.com"]
[Source "ChessBase"]
[SourceQuality "1"]
[TimeControl "40/5400+30:1800+30"]

1. e4 e6 2. d4 d5 3. Nc3 Nf6 4. e5 Nfd7 5. f4 c5 6. Nf3 Nc6 7. Be3 Be7 8. Qd2 O-O 9. dxc5 Qa5 {[%emt 0:02:36] C11: French: Classical System: 4 e5 and 4 Bg5 dxe4.} 10. a3 Bxc5 11. Nd4 $5 {[%emt 0:01:23][%mdl 4] Exploring less charted territory.} Nxd4 {[%emt 0:06:22] The position is equal.} 12. Bxd4 Bxd4 13. Qxd4 Qb6 {[%emt 0:01:26] [#]} 14. Nb5 $146 ({Predecessor:} 14. O-O-O Qxd4 15. Rxd4 f6 16. exf6 Nxf6 17. g3 Bd7 18. Bg2 Rac8 19. Re1 Rfe8 20. Bf3 {½-½ (60) Melia,S (2371)-Hristodoulaki,A (2075) Terme Catez 2021}) 14... a6 15. Qxb6 Nxb6 16. Nd4 f6 17. exf6 gxf6 18. O-O-O e5 19. Nf3 Bg4 20. Be2 (20. Re1 $5 ) 20... Rae8 21. Rhe1 Bc8 22. Ng1 Bf5 23. Bf3 Rc8 ({But not} 23... exf4 24. Rxe8 Rxe8 25. Ne2 $14) 24. Rd2 e4 {[%emt 0:00:34] [#] Strongly threatening ...Nc4.} 25. Bd1 e3 (25... Be6 $11) 26. Rxe3 $16 Be4 27. b3 {[%emt 0:01:21] Inhibits Nc4.} Kh8 28. g3 Nd7 $2 {[%emt 0:00:59] [#]} (28... f5 29. Kb2 Nd7) 29. Rxe4 {[%emt 0:01:49] Weighted Error Value: White=0.05 (flawless) /Black=0.35} 1-0

[Event "Stare Mesto Open-A 2022"]
[Site "Stare Mesto"]
[Date "2022.08.19"]
[Round "8.5"]
[White "Murko, David"]
[Black "Lojek, Marek"]
[Result "1-0"]
[ECO "C65"]
[WhiteElo "2213"]
[BlackElo "2142"]
[Annotator "TA"]
[PlyCount "175"]
[EventDate "2022.08.12"]
[EventType "swiss"]
[EventCountry "CZE"]
[SourceTitle "playchess.com"]
[Source "ChessBase"]
[SourceQuality "1"]
[TimeControl "40/5400+30:1800+30"]

1. e4 e5 2. Nf3 Nc6 3. Bb5 Nf6 4. d3 Bc5 5. Bxc6 dxc6 6. Nbd2 {[%emt 0:00:26] C65: Ruy Lopez: Berlin Defence (3...Nf6), unusual lines and 4 0-0 Bc5.} Be6 7. O-O Nd7 {[%emt 0:02:23] 7...Bd6 deserves study.} 8. Nb3 {[%emt 0:00:39] The position is equal.} Bb6 9. Ng5 Nf8 10. Qh5 Qd6 {[%emt 0:11:05] [#]} 11. Be3 $146 ({Predecessor:} 11. Kh1 Bxb3 12. axb3 Qg6 13. Qh3 h6 14. Nf3 Qd6 15. Bd2 Ng6 16. Bc3 O-O 17. Nd2 {1-0 (69) Anand,V (2792)-Howell,D (2667) London 2014}) 11... O-O-O (11... g6 $11 12. Qh6 O-O-O) 12. Nxf7 $16 Bxf7 13. Qxf7 Ne6 14. Nd2 Rdf8 15. Qh5 {[%emt 0:00:15] White is more active.} g6 (15... Nf4 $16 {was called for.} 16. Bxf4 exf4) 16. Qh3 $1 $18 Qe7 17. Nc4 $1 Qf6 {[%emt 0:04:19] [#]} 18. Bg5 $1 Bxf2+ 19. Kh1 Qxg5 20. Qxe6+ Kb8 21. Nxe5 {[%emt 0:02:18] Hoping for Nd7+.} ({Much less strong is} 21. Qxe5 $6 Qh4 $16) 21... Re8 {[%emt 0:02:21] [#]} 22. Qf6 Qxe5 23. Rxf2 Qb5 24. Raf1 a6 25. b3 Qb6 26. d4 (26. Qc3 $18) 26... Rhg8 $16 27. Re2 Qb4 28. Rd1 (28. Kg1 $16) 28... Rgf8 $15 29. Qg7 Rf4 ({Black should play} 29... Qb5 $1 $15 30. c4 Qh5) 30. h3 $1 $36 {[%emt 0:03:51][%mdl 2048] White has the initiative.} (30. Qxh7 Qxd4 $1 31. Rg1 Ref8 $19) 30... Rfxe4 31. Rxe4 Rxe4 32. Qxh7 Re1+ ({Black should try} 32... Qd6 $1 $14) 33. Rxe1 $16 Qxe1+ {[%emt 0:00:05][%mdl 4096] Endgame KQ-KQ} 34. Kh2 Qe8 35. Qg7 Qe4 (35... b5 $16 36. Qe5 Qf7) 36. Qh8+ $1 $18 Ka7 37. Qe5 $1 Qh4 (37... Qxc2 $2 38. Qc5+ Qxc5 39. dxc5 $18) 38. g3 Qh6 39. h4 $1 Qd2+ 40. Kh3 Qd1 (40... Qxc2 $2 41. Qc5+ Qxc5 42. dxc5 $18) 41. Qe4 ({Inferior is} 41. Qxc7 Qf1+ 42. Kh2 Qf2+ 43. Kh3 Qf1+ 44. Kh2 Qf2+ 45. Kh3 Qf1+ $11) 41... Qf1+ 42. Kg4 Qd1+ 43. Kg5 Qh5+ 44. Kf4 Qh6+ 45. Kf3 g5 46. Ke2 gxh4 47. gxh4 Qh5+ 48. Ke3 Qd1 49. a4 (49. Kf4 $16) 49... Kb8 50. Kf4 Qd2+ (50... Qh5 $16) 51. Kf5 Qf2+ 52. Kg6 Qg1+ 53. Kh7 Qf2 54. Kh6 (54. Kg7 $18) 54... Qf6+ $16 55. Kh5 Qh8+ 56. Kg4 Qg7+ 57. Kf3 Qf6+ (57... Qg1 $16 {might work better.} 58. Qe8+ Ka7) 58. Ke2 $1 $18 Qh8 59. Qg4 {[%emt 0:00:00] Prevents Qh5.} b5 60. axb5 axb5 61. h5 {[%emt 0:00:00] aiming for Kd3.} Kb7 (61... b4 $142 62. Qf5 Qg7) 62. Kd3 Qf6 {[%emt 0:00:37] Inhibits Qg5.} 63. Qh3 Qh6 64. Qf5 $1 Qc1 65. Qc5 Qd1+ {[%emt 0:01:07] [#]} 66. Kc3 $1 Qa1+ $2 (66... Qf1 {was worth a try.} 67. d5 Qf3+ 68. Kb2 cxd5 69. Qxb5+ Kc8 70. Qa6+ Kb8) 67. Kd2 Qh1 (67... Qg1 $142 68. Qe5 Qh1) 68. Qe5 Kb6 69. Qg5 {[%emt 0:00:29] Black must now prevent h6.} Qe4 70. Qc5+ Kb7 71. Kc3 {[%emt 0:00:28] Threatens to win with Qe5.} Qe1+ $2 {[%emt 0:00:59] [#]} (71... Qf4 72. Kb2 Qf6) 72. Kb2 $1 Qd2 73. Qc3 Qf4 74. Ka2 $2 (74. Qh3 $18 {is more deadly.} Qh6 75. Qg4) 74... Qh4 (74... Qh2 $16 {keeps fighting.}) 75. Qc5 {[%emt 0:00:32] d5 is the strong threat.} Qh2 $2 (75... Qf2 76. Kb2 Qf6) 76. Kb1 Qd2 77. Kb2 Qh6 78. d5 Qh8+ 79. Kb1 cxd5 80. Qxb5+ Ka7 81. Qxd5 Qf6 82. Qh1 Qh6 83. Qg1+ Kb7 84. Qg6 (84. Qg2+ $142 Ka7 85. Qg6 Qd2 86. Qg1+ Kb8 87. Kb2 Qh6 88. Qg6 Qh8+ 89. Kb1) 84... Qe3 85. Qf6 {[%emt 0:01:21] White mates.} c5 86. h6 c4 87. h7 c3 88. Qg7+ {[%emt 0:01:00] Weighted Error Value: White=0.14 (very precise) /Black=0.21 (precise)} 1-0

[Event "Stare Mesto Open-A 2022"]
[Site "Stare Mesto"]
[Date "2022.08.19"]
[Round "8.6"]
[White "Skalsky, Alexandr"]
[Black "Husek, Martin"]
[Result "1-0"]
[ECO "B20"]
[WhiteElo "2187"]
[BlackElo "2132"]
[Annotator "NA RC"]
[PlyCount "31"]
[EventDate "2022.08.12"]
[EventType "swiss"]
[EventCountry "CZE"]
[SourceTitle "playchess.com"]
[Source "ChessBase"]
[SourceQuality "1"]
[TimeControl "40/5400+30:1800+30"]

1. e4 c5 2. b4 b6 3. bxc5 bxc5 4. Nc3 g6 5. Rb1 Bg7 6. Bb5 Bb7 7. Nf3 Nf6 8. Bc4 Qc8 9. e5 Ng4 10. Bxf7+ Kxf7 11. Ng5+ Kg8 12. Qxg4 Bxe5 13. O-O Bxc3 14. Qc4+ e6 15. Qxc3 Nc6 16. Qf6 1-0

[Event "Stare Mesto Open-A 2022"]
[Site "Stare Mesto"]
[Date "2022.08.19"]
[Round "8.7"]
[White "Kovarik, David"]
[Black "Vrtal, Jaroslav"]
[Result "1-0"]
[ECO "B98"]
[WhiteElo "1741"]
[BlackElo "2000"]
[Annotator "NA RC"]
[PlyCount "77"]
[EventDate "2022.08.12"]
[EventType "swiss"]
[EventCountry "CZE"]
[SourceTitle "playchess.com"]
[Source "ChessBase"]
[SourceQuality "1"]
[TimeControl "40/5400+30:1800+30"]

1. e4 c5 2. Nf3 d6 3. d4 cxd4 4. Nxd4 Nf6 5. Nc3 a6 6. Bg5 e6 7. f4 Be7 8. Qf3 Qc7 9. O-O-O b5 10. Bxf6 gxf6 11. e5 Bb7 12. Qh5 Bc8 13. Bxb5+ axb5 14. Ndxb5 Qc5 15. b4 Qb6 16. exf6 Bf8 17. a4 Na6 18. Nd5 exd5 19. Rhe1+ Kd8 20. Qxf7 Bd7 21. Re7 Bxb5 22. axb5 Nc7 23. Rde1 Ra1+ 24. Kb2 Rxe1 25. Rxe1 Qxb5 26. c3 Qd7 27. Qh5 Qb5 28. f7 Be7 29. Qg4 d4 30. Qg8+ Kd7 31. Rxe7+ Kc6 32. Rxc7+ Kxc7 33. Qxh8 Qe2+ 34. Ka3 Qe1 35. Qxd4 Qa1+ 36. Kb3 Qb1+ 37. Ka4 Qa2+ 38. Kb5 Qxf7 39. Qa7+ 1-0

[Event "Stare Mesto Open-A 2022"]
[Site "Stare Mesto"]
[Date "2022.08.19"]
[Round "8.8"]
[White "Zelba, Lukas"]
[Black "Zpevak, Pavel"]
[Result "1/2-1/2"]
[ECO "A45"]
[WhiteElo "1945"]
[BlackElo "2351"]
[Annotator "TA"]
[PlyCount "61"]
[EventDate "2022.08.12"]
[EventType "swiss"]
[EventCountry "CZE"]
[SourceTitle "playchess.com"]
[Source "ChessBase"]
[SourceQuality "1"]
[TimeControl "40/5400+30:1800+30"]

1. d4 Nf6 2. Bf4 e6 3. Nd2 Nh5 4. Bg3 d6 {[%emt 0:01:47] [#]} 5. e4 $146 ({Predecessor:} 5. Ngf3 Nxg3 6. hxg3 g6 7. e4 Bg7 8. c3 Qe7 9. Bd3 Nc6 10. Qe2 Bd7 11. e5 {½-½ (48) Popchev,M (2465)-Kolev,A (2490) Bulgaria 1994}) 5... g6 6. Be2 {[%emt 0:04:55] A45: Trompowsky Attack.} Nxg3 7. hxg3 Bg7 8. c3 {[%emt 0:01:41] Black is slightly better.} O-O 9. Ngf3 (9. f4 $11) 9... b6 10. a4 a6 11. Nc4 Bb7 12. Qc2 Nd7 13. O-O Qe7 14. Ne3 Nf6 15. Bd3 Bh6 16. Nc4 Nd7 17. Rfe1 e5 18. Rad1 Rfd8 19. Nh2 Bg7 20. dxe5 dxe5 21. Nf1 Nc5 22. b4 Nxd3 23. Rxd3 Rxd3 24. Qxd3 Rd8 25. Qc2 Bh6 26. a5 Qe6 27. Nfe3 b5 28. Nd2 {[%emt 0:02:19] [#]} Bf8 $1 29. Nb3 {[%emt 0:04:59] [#]} h5 (29... Bxe4 $1 $15 30. Qxe4 Qxb3 31. Qxe5 Rd3) 30. f3 $11 Kh7 31. Rd1 {Weighted Error Value: White=0.10 (very precise) /Black=0.11 (very precise)} 1/2-1/2

[Event "Stare Mesto Open-A 2022"]
[Site "Stare Mesto"]
[Date "2022.08.20"]
[Round "9.2"]
[White "Sramek, Vojtech"]
[Black "Skalsky, Alexandr"]
[Result "*"]
[ECO "B56"]
[WhiteElo "2249"]
[BlackElo "2187"]
[Annotator "TA"]
[PlyCount "65"]
[EventDate "2022.08.12"]
[EventType "swiss"]
[EventCountry "CZE"]
[SourceTitle "playchess.com"]
[Source "ChessBase"]
[SourceQuality "1"]
[TimeControl "40/5400+30:1800+30"]

1. e4 c5 2. Nf3 d6 3. d4 cxd4 4. Nxd4 Nf6 5. Nc3 Nc6 6. f3 e5 7. Nb3 Be7 8. Be3 O-O 9. Qd2 Be6 10. Nd5 a5 {[%emt 0:01:04][%cal Ba7a5,Ba5a4][%mdl 32] B56: Classical Sicilian: Unusual Lines.} 11. Bb5 a4 12. Bb6 Qb8 {[%emt 0:10:53] And now ...Bxd5 would win. The position is equal.} 13. Bxc6 bxc6 14. Nxe7+ Kh8 15. Be3 {[%emt 0:00:53] Hoping for Na5.} axb3 16. cxb3 Qb5 (16... d5 $11) 17. Qxd6 $14 Bxb3 {[%emt 0:02:10] [#]} (17... Rfd8 18. Qc5 $16) (17... Rfe8 $14) 18. Kf2 $146 ({Predecessor:} 18. Qc5 Bxa2 19. Qxb5 cxb5 20. Kf2 Bc4 21. Nc6 Nd7 22. Rhd1 Be6 23. b4 Rfc8 24. Rxa8 Rxa8 {0-1 (77) Melaa,S (2210)-Holleland,S (2133) Fagernes 2020}) 18... Bxa2 {[%emt 0:04:00] [#]} 19. b4 $1 (19. Qxc6 $2 Qxb2+ 20. Kg3 Nh5+ 21. Kh3 Be6+ 22. Nf5 Rxa1 $19) 19... Rfd8 20. Qc5 ({Don't take} 20. Qxc6 $6 Qxb4 21. Qc2 Qxe7 $14) 20... Qd3 (20... Nd7 $142 21. Qxb5 (21. Qxc6 Qxb4 22. Nd5 Qb2+ 23. Kg3 Rac8 $11) 21... cxb5) 21. Rhc1 Be6 (21... Bc4 $142) 22. Qxc6 $2 ({Don't play} 22. Nxc6 $6 Rxa1 23. Rxa1 Nd7 $16) (22. Qxe5 $18 Bc4 23. Qb2) 22... Rxa1 23. Rxa1 Bc4 (23... Ng8 $14) 24. Re1 {[%emt 0:18:02] Active counter play!} ({White should play} 24. Ra8 $16 {[%cal Oc6c4] Threatens to win with Qxc4!} Qe2+ 25. Kg3 Qe1+ 26. Bf2 Nh5+ 27. Kg4 Nf6+ 28. Kh3 Be6+ 29. Nf5) 24... Qc2+ 25. Kg1 {[%emt 0:01:14] Black must now prevent Qc7.} h5 {[%emt 0:00:13] [#]} ({Black should try} 25... Qc3 $14 26. Bf2 Qxb4) 26. h3 (26. Kh1 $1 $16) 26... Kh7 $2 (26... Qc3 $11 27. Bf2 Qxb4) 27. Rc1 (27. Nf5 $18 {is more deadly.}) 27... Rd1+ 28. Rxd1 Qxd1+ 29. Kh2 Qe2 (29... Be2 $16 {keeps fighting.}) 30. Bg5 Ng8 31. Nxg8 Kxg8 32. Qe8+ Kh7 33. Qxe5 {[%emt 0:00:49] Weighted Error Value: White=0.47/Black=0.52} *

[Event "Stare Mesto Open-A 2022"]
[Site "Stare Mesto"]
[Date "2022.08.20"]
[Round "9.3"]
[White "Szotkowski, Jakub"]
[Black "Neuman, Petr"]
[Result "1/2-1/2"]
[ECO "D15"]
[WhiteElo "2344"]
[BlackElo "2378"]
[Annotator "TA"]
[PlyCount "52"]
[EventDate "2022.08.12"]
[EventType "swiss"]
[EventCountry "CZE"]
[SourceTitle "playchess.com"]
[Source "ChessBase"]
[SourceQuality "1"]
[TimeControl "40/5400+30:1800+30"]

1. d4 d5 2. c4 c6 3. Nf3 Nf6 4. Nc3 a6 5. cxd5 cxd5 6. Bf4 Nc6 7. e3 {[%emt 0:00:39] 7.Rc1 is the modern continuation.} Bg4 8. Bd3 e6 9. Qb3 {[%emt 0:05:10] D13: Slav Defence: Exchange variation without ...Bf5.} Bxf3 10. gxf3 Ra7 11. Rg1 {[%emt 0:04:03] [#] The position is equal.} g6 $146 ({Predecessor:} 11... Nh5 12. Bg3 Nxg3 13. hxg3 {½-½ (13) Bagirov,R (2504)-Komliakov,V (2438) Moscow 2006}) 12. Ke2 Bd6 {[%emt 0:02:24] [#] Threatens to win with ...Bxf4.} 13. Bh6 Bf8 (13... Nh5 $5 ) 14. Bg5 Be7 15. h4 Nh5 16. Rac1 h6 17. Bxe7 Qxe7 18. Nxd5 exd5 19. Rxc6 {[%emt 0:00:10] [#] And now Rc8+ would win.} Nf4+ $1 20. Kf1 {[%emt 0:25:59] Hoping for Rc8+.} bxc6 21. Qb8+ Qd8 22. Qxa7 (22. Qe5+ $11 Kd7 23. Qxf4) 22... Nxd3 $15 23. Qxa6 ({White must play} 23. Ke2 $1 $15) 23... Nxb2 $17 24. Qxc6+ Kf8 25. h5 g5 ({Much less strong is} 25... gxh5 26. Qc5+ Ke8 27. Qb5+ Ke7 28. Qxb2 $16) 26. Kg2 Nc4 {[%emt 0:00:42] Weighted Error Value: White=0.17 (very precise) /Black=0.03 (flawless)} 1/2-1/2

[Event "Stare Mesto Open-A 2022"]
[Site "Stare Mesto"]
[Date "2022.08.20"]
[Round "9.4"]
[White "Murko, David"]
[Black "Kostka, Vit"]
[Result "1/2-1/2"]
[ECO "B40"]
[WhiteElo "2213"]
[BlackElo "2168"]
[Annotator "TA"]
[PlyCount "50"]
[EventDate "2022.08.12"]
[EventType "swiss"]
[EventCountry "CZE"]
[SourceTitle "playchess.com"]
[Source "ChessBase"]
[SourceQuality "1"]
[TimeControl "40/5400+30:1800+30"]

1. e4 c5 2. Nf3 e6 3. d4 cxd4 4. Nxd4 Nf6 5. Nc3 Nc6 6. Nxc6 bxc6 7. e5 Nd5 8. Ne4 Qc7 9. f4 Qb6 10. c4 Bb4+ 11. Ke2 f5 12. exf6 Nxf6 {[%emt 0:00:40] B45: Sicilian Four Knights.} 13. Be3 {[%emt 0:00:19] The board is on fire.} Qd8 14. Nd6+ Bxd6 15. Qxd6 Bb7 16. Rg1 Ne4 17. Qe5 {[%emt 0:02:31][%csl LRe4,LRg7] [#]} Qf6 $146 ({Predecessor:} 17... c5 18. Qxg7 Qh4 19. g3 Qxh2+ 20. Rg2 Qh1 21. Rg1 Qh5+ 22. g4 Qh2+ 23. Bg2 O-O-O {0-1 (34) Xu,Y (2533)-Li,S (2498) China 2018}) 18. Re1 (18. g4 $16) 18... d5 19. Kd1 Qxe5 20. fxe5 O-O 21. Kc2 Rad8 22. Rd1 (22. Bxa7 $14 c5 {[#]} 23. Rxe4 $1 dxe4 24. Bxc5) 22... Nf2 (22... c5 $5 23. cxd5 exd5 $15) 23. Rd2 Ne4 24. Rd1 Nf2 (24... c5 $5 25. cxd5 exd5 $15) 25. Rd2 Ne4 {[%emt 0:08:13] Weighted Error Value: White=0.22 (precise) /Black=0.19 (very precise)} 1/2-1/2

[Event "Stare Mesto Open-A 2022"]
[Site "Stare Mesto"]
[Date "2022.08.20"]
[Round "9.5"]
[White "Cerveny, Martin"]
[Black "Kovarik, David"]
[Result "1-0"]
[ECO "D35"]
[WhiteElo "2396"]
[BlackElo "1741"]
[Annotator "TA"]
[PlyCount "51"]
[EventDate "2022.08.12"]
[EventType "swiss"]
[EventCountry "CZE"]
[SourceTitle "playchess.com"]
[Source "ChessBase"]
[SourceQuality "1"]
[TimeControl "40/5400+30:1800+30"]

1. d4 d5 2. c4 e6 3. Nc3 Nf6 4. cxd5 exd5 5. Bg5 Be7 6. e3 c6 7. Bd3 Nbd7 8. Qc2 h6 {[%emt 0:00:12] Recently 8...Nh5 got a lot of attention.} 9. Bh4 Nh5 10. Bxe7 {[%emt 0:00:11] D36: Queen's Gambit Declined: Exchange Variation: Main line (5 Bg5 c6 6 Qc2).} Qxe7 11. Nge2 Qg5 {[%emt 0:14:51] [#]} 12. O-O-O $146 {[%emt 0:07:00] White is slightly better.} ({Predecessor:} 12. Ng3 Nxg3 13. hxg3 O-O 14. Ne2 Qd8 15. Rh4 Qa5+ 16. Kf1 Nf6 17. a3 Qd8 18. b4 {0-1 (39) Favitta,A (1950)-Santagati,A (2262) Nicolosi 2015}) 12... Qxg2 13. f4 ({White should try} 13. Ng3 $11 Nxg3 14. hxg3) 13... Ndf6 $15 14. Qd2 Bg4 15. Rdg1 Qf3 (15... Qh3 $17 {stays on course. ...Bf3 is the strong threat.} 16. Rf1 Qh4) 16. h3 (16. Ng3 $1 $18) 16... Bxh3 $14 17. Kb1 (17. Nd1 $11) 17... Bg4 (17... g6 $15 {keeps the upper hand.}) 18. Rh2 $2 {[%emt 0:00:35] [#]} (18. Rf1 $16 Qg2 19. Rfg1) 18... O-O ({Black should play} 18... O-O-O $1 $17 19. Ka1 g6) 19. Nc1 $2 {[%emt 0:03:38] [#]} (19. Nd1 $11) 19... Rfe8 (19... Ng3 $1 $19 {Strongly threatening ...Rae8.} 20. Qg2 Qxg2 21. Rhxg2 Nf5 22. Rxg4 Nxg4 23. Bxf5 Nxe3) 20. Be2 $17 Ne4 (20... Qxe3 $17 21. Qxe3 Rxe3 22. Bxg4 Nxf4) 21. Qc2 (21. Qd3 $11 {remains equal.} Nxc3+ 22. bxc3 Nxf4 23. Bxf3 Nxd3 24. Bxg4 Nxc1 25. Kxc1) 21... Nxc3+ $2 (21... Qxe3 $17 {keeps the pressure on.} 22. Rxg4 f5 23. Nxe4 Rxe4) 22. bxc3 $16 Qxe3 23. Rxg4 Nxf4 24. Bd1 ({And not} 24. Rxh6 Nxe2 25. Qh7+ Kf8 26. Qxg7+ Ke7 27. Nxe2 (27. Qf6+ Kd7 $17) 27... Qxe2 $17) 24... Re6 $2 ({Better is} 24... Ne6 $14) 25. Rf2 $18 Ng6 (25... Rf6 26. Rf3 Qe4 27. Qxe4 dxe4 28. Rfxf4 Rxf4) 26. Re2 {[%emt 0:00:09] Weighted Error Value: White=0.71/Black=1.19} 1-0

[Event "Stare Mesto Open-A 2022"]
[Site "Stare Mesto"]
[Date "2022.08.20"]
[Round "9.6"]
[White "Travnicek, Krystof Mikulas"]
[Black "Zpevak, Pavel"]
[Result "1/2-1/2"]
[ECO "B23"]
[WhiteElo "2138"]
[BlackElo "2351"]
[Annotator "TA"]
[PlyCount "32"]
[EventDate "2022.08.12"]
[EventType "swiss"]
[EventCountry "CZE"]
[SourceTitle "playchess.com"]
[Source "ChessBase"]
[SourceQuality "1"]
[TimeControl "40/5400+30:1800+30"]

1. e4 c5 2. Nc3 e6 3. f4 a6 4. Nf3 d5 5. d3 Nc6 6. g3 Nf6 7. Bg2 Be7 8. O-O O-O (8... d4 $11 9. Nb1 O-O) 9. Ne5 $14 {[%emt 0:00:44] B23: Closed Sicilian: Lines without g3.} Nd4 {[%emt 0:04:02] [#]} {Predecessor:} 10. g4 $146 dxe4 11. dxe4 b5 12. g5 Nd7 13. Nf3 Bb7 14. Kh1 b4 15. Nxd4 cxd4 16. Ne2 Nc5 {0-1 (31) Aronian,L (2752)-Ivanchuk,V (2729) Monte Carlo 2006} 1/2-1/2